Map: Acropolis LE

Players

Zanster

  • Race: Zerg Zerg
  • Spawn Location: 11:00

goblin - Winner!

  • Race: Protoss Protoss
  • Spawn Location: 5:00

Event: 2019 WCS Summer

VOD

Have the link to the VOD?

Description

Time

  • Played on: July 12, 2019, 2:44 p.m.
  • Length: 18:24

All games in this series

Show
View Real Time Build Order
Export as new Build Order

Zanster Zerg 

Build Orders: Hatch First, Brood Lord Corruptor, Roach Hydra 

Get SALT Encoding   

  12  0:00  Drone  
  13  0:13  Overlord  
  13  0:17  Drone  
  14  0:31  Drone x2  
  16  0:49  Hatchery  
  15  0:52  Drone  
  15  0:55  Drone  
  17  0:58  Drone  
  18  1:09  Extractor  
  17  1:15  Spawning Pool  
  17  1:17  Drone  
  17  1:19  Drone  
  18  1:29  Drone  
  19  1:39  Drone  
  20  1:52  Drone  
  21  2:01  Overlord  
  21  2:02  Queen x2  
  21  2:03  Zergling x2  
  26  2:09  Metabolic Boost  
  26  2:12  Zergling x2, Drone  
  28  2:23  Drone x2  
  30  2:36  Hatchery  
  30  2:37  Drone  
  30  2:38  Drone  
  31  2:44  Queen  
  31  2:48  Drone  
  34  2:52  Overlord  
  34  2:55  Drone  
  34  2:56  Drone  
  36  3:12  Drone x8  
  43  3:19  Overlord  
  43  3:20  Drone  
  43  3:22  Spore Crawler  
  43  3:30  Drone  
  43  3:32  Overlord  
  44  3:37  Queen  
  46  3:43  Zergling x4  
  46  3:44  Drone x3  
  46  3:47  Roach Warren  
  51  3:48  Drone  
  51  3:50  Drone  
  51  3:52  Drone  
  53  3:56  Lair  
  53  3:57  Drone  
  53  3:58  Drone  
  53  4:00  Drone  
  53  4:02  Drone  
  57  4:07  Drone x2, Spore Crawler  
  58  4:17  Extractor  
  58  4:18  Extractor  
  58  4:19  Zergling x10  
  58  4:21  Spore Crawler  
  58  4:23  Zergling x4  
  62  4:28  Overlord  
  62  4:32  Overlord  
  62  4:41  Overlord  
  62  4:45  Roach x2  
  66  4:46  Overlord  
  66  4:48  Roach x4  
  74  4:53  Roach x2  
  74  4:59  Roach  
  82  5:00  Roach  
  82  5:03  Overseer  
  82  5:04  Overlord  
  82  5:07  Extractor  
  82  5:08  Drone x3  
  82  5:09  Drone x2  
  82  5:12  Drone  
  87  5:14  Drone  
  87  5:20  Glial Reconstitution  
  87  5:21  Overlord  
  88  5:25  Roach x2  
  88  5:27  Overseer  
  92  5:33  Zergling x10, Roach  
  97  5:39  Roach  
  97  5:40  Zergling x4, Roach  
  103  5:46  Overlord  
  98  5:52  Drone  
  98  5:53  Drone x3  
  100  5:58  Drone x3  
  102  6:06  Drone  
  102  6:07  Drone  
  102  6:09  Drone  
  105  6:18  Overlord  
  105  6:22  Roach x5  
  115  6:27  Hatchery, Overlord  
  113  6:36  Pneumatized Carapace  
  113  6:38  Evolution Chamber  
  113  6:39  Roach x4  
  120  6:42  Overlord  
  120  6:51  Roach x6  
  120  6:52  Zergling x2  
  128  7:00  Drone x5  
  132  7:02  Extractor  
  131  7:09  Drone  
  131  7:11  Zerg Missile Weapons Level 1  
  131  7:12  Drone x2  
  131  7:15  Drone  
  135  7:16  Overlord  
  135  7:20  Zergling x8, Roach  
  135  7:21  Zergling x6  
  142  7:23  Overlord  
  142  7:31  Extractor  
  141  7:45  Drone x5  
  141  7:47  Overlord  
  146  7:53  Drone x8  
  146  7:57  Hydralisk Den  
  153  7:59  Overseer, Baneling Nest  
  153  8:00  Drone  
  153  8:01  Drone x2  
  153  8:02  Drone  
  153  8:03  Drone x2  
  158  8:09  Overlord  
  158  8:11  Infestation Pit  
  157  8:18  Drone x2  
  157  8:19  Spore Crawler  
  155  8:25  Overlord  
  155  8:30  Hydralisk x9, Muscular Augments  
  173  8:38  Drone x6  
  173  8:40  Drone x2, Extractor x2  
  173  8:41  Drone, Overlord  
  180  8:50  Hydralisk x2  
  180  8:51  Zergling x2  
  180  8:53  Centrifical Hooks  
  185  8:58  Hatchery, Hive  
  184  9:03  Spire  
  184  9:08  Hydralisk  
  184  9:09  Hydralisk x3, Zergling x4  
  194  9:19  Zergling x12  
  194  9:20  Overseer  
  194  9:21  Overlord  
  194  9:22  Overlord  
  194  9:23  Hatchery  
  197  9:34  Overlord  
  197  9:35  Overseer  
  197  9:39  Zerg Missile Weapons Level 2  
  197  9:43  Grooved Spines  
  197  9:45  Baneling x11  
  197  9:46  Zergling x8, Evolution Chamber  
  200  10:15  Greater Spire  
  200  10:16  Zerg Melee Weapons Level 1  
  198  10:27  Hydralisk x2  
  195  10:55  Hydralisk x6  
  195  10:56  Zergling x2  
  195  10:57  Extractor  
  174  11:04  Corruptor  
  174  11:05  Corruptor x9  
  187  11:17  Extractor  
  186  11:24  Hatchery  
  184  11:43  Brood Lord x8  
  183  12:01  Hydralisk x5, Brood Lord x2  
  184  12:02  Zergling x10  
  199  12:14  Overseer x4  
  199  12:22  Baneling x7  
  199  12:24  Zerg Missile Weapons Level 3  
  199  12:37  Hatchery  
  199  12:38  Baneling  
  199  12:39  Baneling x6  
  199  12:42  Zergling x2  
  199  12:59  Pathogen Glands  
  199  13:03  Overseer  
  199  13:04  Overseer  
  196  13:20  Infestor x2  
  199  13:33  Infestor x2  
  199  13:50  Spore Crawler  
  199  13:51  Spore Crawler x2  
  199  13:52  Infestor x3, Spore Crawler  
  199  13:53  Spore Crawler  
  199  13:54  Spore Crawler  
  176  14:15  Hydralisk x4  
  176  14:16  Roach x10  
  199  14:19  Overlord x2  
  199  14:21  Overlord  
  194  14:30  Infestor x2  
  197  14:43  Drone x3, Lair  
  200  14:46  Neural Parasite  
  200  14:48  Zerg Ground Armor Level 1  
  198  15:02  Infestor  
  198  15:06  Hatchery  
  183  15:17  Infestor  
  183  15:18  Infestor x7  
  198  15:30  Hatchery  
  197  15:44  Queen  
  189  16:17  Corruptor  
  189  16:18  Corruptor x6  
  187  16:21  Drone x7  
  194  16:41  Zergling x2  
  195  16:48  Drone x5  
  195  16:53  Spore Crawler  
  199  16:54  Spore Crawler  
  199  16:55  Spore Crawler  
  199  16:57  Brood Lord  
  195  17:11  Brood Lord x2  
  188  17:36  Infestor  
  165  17:37  Hydralisk x2  
  165  17:38  Zergling x26  
  165  17:39  Queen  
  165  17:41  Hydralisk  
  165  17:42  Zergling x2  
  189  17:47  Hydralisk  
  189  17:48  Zergling x4  
  180  17:57  Roach  
  180  17:58  Roach  
Show
View Real Time Build Order
Export as new Build Order

goblin Protoss - Winner!

Build Orders: 1 Gate Expand, Archon Immortal, Carriers 

Get SALT Encoding   

  12  0:00  Probe  
  13  0:12  Probe  
  14  0:18  Pylon  
  14  0:24  Probe  
  15  0:32  Probe  
  15  0:41  Probe, Gateway  
  16  0:47  Assimilator  
  17  0:51  Probe  
  18  1:03  Probe  
  19  1:21  Nexus  
  19  1:25  Probe  
  20  1:35  Cybernetics Core  
  20  1:37  Probe  
  21  1:46  Assimilator  
  21  1:49  Probe  
  21  1:53  Pylon  
  22  1:59  Probe  
  22  2:03  Stalker  
  22  2:07  Probe  
  23  2:15  Warp Gate  
  26  2:16  Probe  
  26  2:22  Robotics Facility  
  27  2:28  Probe  
  27  2:29  Probe  
  28  2:35  Adept  
  31  2:37  Probe  
  31  2:40  Probe  
  33  2:47  Probe  
  34  2:52  Probe  
  35  2:59  Probe  
  35  3:01  Immortal  
  35  3:04  Probe  
  39  3:05  Sentry  
  39  3:11  Probe  
  44  3:15  Pylon  
  44  3:16  Probe  
  45  3:23  Twilight Council  
  45  3:25  Probe  
  46  3:32  Warp Prism  
  46  3:33  Probe, Gateway  
  47  3:37  Probe  
  48  3:45  Probe  
  51  3:49  Probe  
  52  3:55  Pylon  
  52  3:57  Assimilator, Probe  
  52  4:00  Assimilator  
  52  4:02  Probe, Dark Shrine  
  54  4:05  Immortal  
  54  4:10  Gateway  
  58  4:19  Gateway  
  58  4:23  Pylon  
  58  4:24  Probe  
  58  4:26  Probe  
  60  4:32  Pylon  
  60  4:36  Probe  
  60  4:38  Probe  
  62  4:45  Observer  
  63  4:49  Zealot, Adept  
  67  4:58  Pylon  
  67  5:14  Dark Templar  
  67  5:15  Dark Templar x3  
  75  5:23  Charge  
  75  5:25  Gateway  
  75  5:26  Gateway  
  75  5:47  Probe x2, Immortal  
  77  5:51  Nexus  
  77  5:52  Pylon  
  77  6:00  Probe x2  
  77  6:01  Forge  
  77  6:02  Sentry  
  85  6:12  Probe x2  
  85  6:14  Pylon  
  85  6:18  Gateway x2  
  87  6:20  Immortal  
  87  6:22  Zealot  
  87  6:23  Pylon  
  89  6:32  Protoss Ground Weapons Level 1  
  93  6:41  Archon  
  93  6:42  Archon  
  93  6:45  Probe x2  
  95  6:56  Probe, Immortal  
  100  7:02  Probe x2  
  100  7:04  Probe  
  102  7:10  Probe x2  
  102  7:13  Probe  
  105  7:20  Probe  
  107  7:24  Zealot x2  
  107  7:25  Zealot x5  
  107  7:28  Gateway  
  121  7:30  Gateway, Pylon  
  121  7:31  Observer  
  121  7:34  Templar Archives  
  121  7:35  Immortal  
  125  7:37  Assimilator  
  125  7:38  Pylon  
  125  7:39  Assimilator  
  125  7:46  Stargate x2  
  125  7:55  Probe  
  125  7:56  Adept  
  125  7:58  Probe x2  
  130  8:02  Protoss Air Weapons Level 1  
  130  8:03  Stalker, Probe  
  132  8:10  Probe x2  
  135  8:19  Psionic Storm  
  135  8:20  Immortal  
  139  8:27  High Templar  
  139  8:30  Pylon  
  139  8:32  Pylon  
  139  8:33  Pylon  
  139  8:34  Protoss Ground Weapons Level 2  
  141  8:35  Pylon  
  141  8:42  Pylon  
  141  8:47  Nexus  
  141  8:48  Pylon  
  141  8:51  Probe x3  
  144  8:57  High Templar, Immortal  
  144  8:58  High Templar x4  
  154  9:06  Zealot x3  
  154  9:07  Zealot x2  
  168  9:27  Pylon  
  168  9:32  Gateway  
  168  9:33  Observer  
  168  9:35  Gateway  
  168  9:36  Pylon  
  168  9:38  Stalker x5  
  178  9:51  Zealot x4  
  178  9:52  Zealot  
  188  9:55  Assimilator  
  188  9:59  Assimilator  
  186  10:01  Pylon  
  186  10:02  Probe x2  
  186  10:03  Probe x2  
  187  10:11  Zealot x2  
  187  10:12  Zealot x2  
  194  10:17  Probe  
  195  10:22  Zealot x3  
  197  10:31  Fleet Beacon  
  197  10:32  Probe  
  197  10:33  Zealot x3  
  180  11:00  Zealot x2  
  180  11:02  Mothership  
  180  11:03  Zealot  
  180  11:04  Zealot x7  
  179  11:09  Carrier x2  
  179  11:10  Warp Prism  
  161  11:14  Assimilator  
  161  11:15  Protoss Ground Weapons Level 3  
  181  11:28  Photon Cannon  
  181  11:29  Photon Cannon  
  181  11:31  Photon Cannon  
  175  11:47  Zealot x6  
  177  11:56  Carrier x2  
  175  12:02  Immortal  
  191  12:15  High Templar  
  191  12:17  Protoss Air Weapons Level 2  
  191  12:22  Blink  
  193  12:24  Pylon  
  193  12:26  Assimilator, Pylon  
  193  12:30  Zealot x2  
  193  12:31  Zealot  
  196  13:01  Archon  
  196  13:02  Stargate  
  196  13:19  Carrier x2  
  174  13:36  Zealot x7  
  188  13:49  Nexus, Pylon  
  188  13:55  Zealot x2  
  188  13:56  Zealot x2  
  178  14:10  Zealot x3  
  178  14:11  Zealot x4  
  178  14:14  High Templar  
  186  14:24  High Templar x3  
  186  14:28  Observer  
  186  14:35  Nexus  
  186  14:37  Pylon  
  181  14:38  Protoss Air Weapons Level 3  
  181  14:40  Pylon  
  181  14:43  Assimilator  
  173  14:47  Observer  
  173  14:49  Sentry  
  173  14:50  Sentry x3  
  173  14:52  Oracle x2  
  162  15:06  Zealot x3  
  162  15:07  Zealot  
  174  15:15  Zealot  
  174  15:16  Zealot  
  174  15:19  Carrier x2  
  178  15:25  Assimilator  
  178  15:29  Assimilator  
  178  15:33  Pylon  
  188  15:54  Probe x2  
  182  16:17  High Templar x4  
  182  16:18  High Templar x2  
  182  16:19  High Templar x4  
  182  16:23  Archon  
  182  16:24  Archon x2  
  185  16:33  Oracle  
  188  16:52  Nexus  
  188  16:53  Pylon  
  188  16:56  Zealot x6  
  186  17:18  Zealot x7  
  198  17:36  Zealot  
  200  17:43  Zealot  
  200  17:49  Zealot x4  
  200  17:50  Zealot  
  184  18:00  Zealot x5  
  196  18:08  Zealot  
  184  18:13  Archon x2  
Tags
 
Add a new tag
Caveats
  • Supply blocks, unpowered buildings, or Contaminate may cause inaccurate times.
  • Supply counts are checked every 10 seconds.